 Dungeon Crawl Stone Soup version 0.28.0 (webtiles) character file.

Game seed: 15002203854695173652

27 sanka the Magician (level 2, 0/16 HPs)
             Began as a Deep Elf Transmuter on Feb 8, 2022.
             Succumbed to an adder's poison
             ... on level 3 of the Dungeon.
             The game lasted 00:01:56 (1620 turns).

sanka the Magician (Deep Elf Transmuter)            Turns: 1620, Time: 00:01:57

Health: 0/16       AC:  2    Str:  7    XL:     2   Next: 93%
Magic:  9/9        EV: 12    Int: 17    God:
Gold:   56         SH:  0    Dex: 15    Spells: 9/10 levels left

rFire   + . .      SeeInvis .     - Unarmed
rCold   . . .      Faith    .   (no shield)
rNeg    . . .      Spirit   .   a - +0 robe
rPois   .          Reflect  .   (no helmet)
rElec   .          Harm     .   (no cloak)
rCorr   .          Rampage  .   (no gloves)
Will    .....                   (no boots)
Stlth   +.........              (no amulet)
HPRegen 0.05/turn               (no ring)
MPRegen 0.11/turn               (no ring)

@: mighty, lethally poisoned (0 -> -2), flying
A: fire resistance 1, wild magic 1, inability to read while threatened
a: no special abilities


You were on level 3 of the Dungeon.
You visited 1 branch of the dungeon, and saw 3 of its levels.

You collected 56 gold pieces.

Inventory:

Armour
 a - a +0 robe (worn)
Jewellery
 j - an amulet of regeneration
Scrolls
 d - a scroll of enchant armour {unknown}
 g - a scroll of identify {unknown}
 h - a scroll of fear {unknown}
 i - a scroll of teleportation {unknown}
Potions
 b - a potion of might
 f - a potion of invisibility {unknown}


   Skills:
 - Level 0.7 Fighting
 - Level 2.4 Dodging
 - Level 2.4 Unarmed Combat
 + Level 4.8 Spellcasting
 - Level 2.1 Transmutations


You had 9 spell levels left.
You knew the following spells:

 Your Spells              Type           Power      Damage    Failure   Level
a - Beastly Appendage     Tmut           30%        N/A       10%         1

Your spell library contained the following spells:

 Spells                   Type           Power      Damage    Failure   Level
 Wereblood                Tmut           15%        N/A       13%         2
 Spider Form              Tmut/Pois      10%        N/A       36%         3
 Ice Form                 Ice/Tmut       10%        N/A       75%         4


Dungeon Overview and Level Annotations

Branches:
Dungeon (3/15)

Altars:


Innate Abilities, Weirdness & Mutations

Your flesh is heat resistant. (rF+)
Your spells are a little harder to cast, but a little more powerful.
You sometimes lose the ability to read scrolls when taking damage.


Message History

A ball python and 2 adders come into view.
The ball python hisses angrily.
The adder hisses angrily.
The adder closely misses you.
There is a stone staircase leading down here.
The adder bites you. The adder closely misses you.
You climb downwards.
There is a stone staircase leading up here.
Unknown command.
An ogre comes into view. It is wielding a +0 giant club.
The ogre shouts!
The endoplasm quivers.
Found a scroll labelled ECYGOF DANUOCS.
The adder bites you but does no damage. The adder misses you.
Found a dented golden amulet.
The adder barely misses you. The adder barely misses you.
The adder bites you but does no damage.
Found 26 gold pieces.
You see here an amulet of regeneration.
j - an amulet of regeneration The adder bites you. x2
You are poisoned.
The adder poisons you!
You feel sick.
It was a potion of might.
You feel very mighty all of a sudden.
You feel sick. The adder bites you.
* * * LOW HITPOINT WARNING * * *
It was a potion of flight.
You feel very buoyant.
You fly up into the air.
* * * LOW HITPOINT WARNING * * *
You feel sick. The adder bites you.
* * * LOW HITPOINT WARNING * * *
Unknown command.
It was a potion of mutation.
You feel extremely strange.
You feel resistant to heat.
You lose the ability to read scrolls when threatened.
You feel less in control of your magic.
You die...

#..######..#.... #..#
#..# # #..######..#
#..J.......#
#.###.#<#......#
######.#.............
..$....#O#.#.#..#####
#########.........#
......$@SJ.....#..#
#########...#..#.##
##.##..#.# #.##....
#.# ....# #.. ..# ..


You could see an ogre, an adder and an endoplasm.

Vanquished Creatures
  A dart slug (D:2)
  2 endoplasms (D:1)
  2 giant cockroaches
  3 goblins
  3 hobgoblins (D:1)
  A kobold (D:1)
  2 quokkas (D:1)
  2 ball pythons (D:1)
  A bat (D:1)
  3 frilled lizards (D:1)
  2 rats
22 creatures vanquished.

Notes
Turn   | Place    | Note
-------+----------+-------------------------------------------
     0 | D:1      | sanka the Deep Elf Transmuter began the quest for the Orb.
     0 | D:1      | Reached XP level 1. HP: 11/11 MP: 6/6
   342 | D:1      | You fall into a shaft and drop 1 floor!
   378 | D:2      | Reached skill level 4 in Spellcasting
   378 | D:2      | Reached XP level 2. HP: 16/16 MP: 7/9
   424 | D:2      | Identified the +0 pair of boots "Busauru" {Harm Fly Regen+
                  | Int-2}
  1595 | D:3      | Noticed an ogre
  1620 | D:3      | Gained mutation: Your flesh is heat resistant. (rF+)
                  | [potion of mutation]
  1620 | D:3      | Gained mutation: You sometimes lose the ability to read
                  | scrolls when taking damage. [potion of mutation]
  1620 | D:3      | Gained mutation: Your spells are a little harder to cast,
                  | but a little more powerful. [potion of mutation]
  1620 | D:3      | Succumbed to an adder's poison

Illustrated notes

Levels and vault maps discovered:
D:1:      dpeg_arrival_rhombi, layout_basic
D:2:      layout_loops_ring, basic_altar, uniq_crazy_yiuf_cottage
D:3:      layout_loops_ring, chequers_serial_rivers_micro_d

Skill      XL: |  1 |
---------------+----+-----
Spellcasting   | 4 |  4.8
Fighting       | |  0.7
Dodging        | |  2.4
Unarmed Combat | |  2.4
Transmutations | |  2.1

Action                   || total
-------------------------++-------
Melee: Unarmed           ||    66
       Kick              ||    15
       Headbutt          ||     5
       Punch             ||     1
 Cast: Beastly Appendage ||    17
  Use: Potion            ||     3
 Stab: Sleeping          ||     1
Armor: Robe              ||    14
Dodge: Dodged            ||    47
